 Dungeon Crawl Stone Soup version 0.29.0-4-gdea44cf6ec (webtiles) character file.

Game seed: 9645695624496100548

4929 qw the Cleaver (level 10, -5/81 HPs)
             Began as a Formicid Cinder Acolyte on Sept 3, 2022.
             Was a Follower of Ignis.
             Slain by a large slime creature (14 damage)
             ... on level 8 of the Dungeon.
             The game lasted 00:04:57 (10715 turns).

qw the Cleaver (Formicid Cinder Acolyte)           Turns: 10715, Time: 00:04:57

Health: -5/81      AC: 22    Str: 23    XL:     10   Next: 81%
Magic:  11/11      EV:  7    Int: 14    God:    Ignis [*.....]
Gold:   491        SH:  0    Dex:  9    Spells: 11/11 levels left

rFire   + + .      SeeInvis +   Y - +0 broad axe (vorpal)
rCold   + . .      Faith    .   (no shield)
rNeg    . . .      Spirit   .   j - +0 plate armour
rPois   .          Reflect  .   (helmet unavailable)
rElec   .          Harm     .   e - scarf {rC+ rF+}
rCorr   .          Rampage  .   k - +1 pair of gloves
Will    +....                   (no boots)
Stlth   ..........              (no amulet)
HPRegen 0.23/turn               (no ring)
MPRegen 0.12/turn               (no ring)

@: fiery-armoured
A: permanent stasis, dig shafts and tunnels, antennae 3, four strong arms
a: Dig, Shaft Self, Renounce Religion, Fiery Armour, Foxfire Swarm, Rising Flame


You were on level 8 of the Dungeon.
You worshipped Ignis.
Ignis was aware of your devotion.
You visited 1 branch of the dungeon, and saw 8 of its levels.

You collected 491 gold pieces.


Innate Abilities, Weirdness & Mutations

You cannot be hasted, slowed, berserked, paralysed or teleported.
You can dig through walls and to a lower floor.
You have a pair of large antennae on your head. (SInv)
Your four strong arms can wield two-handed weapons with a shield.


   Skills:
 - Level 8.3 Fighting
 + Level 11.9 Axes
 - Level 1.0 Throwing
 - Level 6.4 Armour
 - Level 2.6 Dodging
 - Level 1.1 Spellcasting
 - Level 3.0 Fire Magic


You had 11 spell levels left.
You didn't know any spells.
Your spell library contained the following spells:

 Spells                   Type           Power      Damage    Failure   Level
 Scorch                   Fire           18%        2d5       88%         2

Inventory:

Hand Weapons
 a - a -1 hand axe of flaming
 Y - a +0 vorpal broad axe (weapon)
Missiles
 d - 11 boomerangs (quivered)
Armour
 e - a scarf of resistance (worn)
 j - a +0 plate armour (worn)
 k - a +1 pair of gloves (worn)
Jewellery
 b - a ring of ice
 i - a ring of magical power
Scrolls
 f - 6 scrolls of identify
Potions
 c - a potion of curing
 g - a potion of cancellation
 h - 2 potions of might
 l - a potion of mutation
 n - a potion of heal wounds

Dungeon Overview and Level Annotations

Branches:
Dungeon (8/15)             Temple (0/1) D:4
   Lair: D:8-11

Altars:
Cheibriados
Elyvilon
Nemelex Xobeh
Okawaru
Vehumet
Wu Jian
The Shining One


Message History

The slime creature is heavily wounded.
You barely miss the very large slime creature.
The very large slime creature is heavily wounded.
You slash the slime creature! The slime creature barely misses you.
You hit the slime creature.
The slime creature is almost dead.
You slash the very large slime creature!
The very large slime creature hits you!
The very large slime creature is burned by your cloak of flames.
The very large slime creature is severely wounded.
A slime creature comes into view.
The slime creature hits you but does no damage.
The slime creature is burned by your cloak of flames.
The slime creature is almost dead.
You barely miss the slime creature.
The slime creature is almost dead.
You hit the very large slime creature but do no damage.
The very large slime creature barely misses you.
Two slime creatures merge to form an enormous slime creature.
The slime creature barely misses you.
You barely miss the slime creature.
The slime creature is almost dead.
You slash the enormous slime creature!
The slime creature hits you but does no damage.
The slime creature is burned by your cloak of flames.
You kill the slime creature!
You slash the enormous slime creature!
The enormous slime creature is severely wounded.
You slash the enormous slime creature!
The enormous slime creature is severely wounded.
An enormous slime creature splits.
You slash the large slime creature!
The large slime creature is severely wounded.
You completely miss the large slime creature.
The large slime creature hits you!
The large slime creature is burned by your cloak of flames.
The large slime creature is almost dead.
The large slime creature hits you!
You die...

....... .......
....... $......
.^..... ####.......
##..#J...... #####
#...@J#
##.#.###.)...#..
#................
#.....#...........
##.#.....#.....#...
###..##.....### .#
##.#....##........
#
#......####.......
#.....#.#####......


You could see 2 large slime creatures.

Vanquished Creatures
  Pikel (D:7)
  Joseph (D:7)
  Maggie (D:7)
  An unseen horror (D:6)
  A troll (D:6)
  Prince Ribbit (D:6)
  Grinder (D:5)
  A slime creature (D:8)
  A wraith (D:5)
  Eustachio (D:3)
  A steam dragon (D:7)
  3 black bears
  3 ice beasts
  A sky beast (D:6)
  An orc warrior (D:7)
  2 ogres (D:5)
  2 phantoms
  2 scorpions
  2 bullfrogs
  2 necrophages
  3 wights
  8 hounds
  3 jellies
  2 orc priests
  A gnoll bouda (D:6)
  2 iguanas
  Ijyb (D:3)
  An orc wizard (D:8)
  8 gnolls
  10 adders
  2 white imps
  An ufetubus (D:6)
  2 worms (D:3)
  4 dart slugs
  16 orcs
  6 endoplasms
  4 giant cockroaches
  9 goblins
  13 hobgoblins
  14 jackals
  2 quokkas
  3 ball pythons
  5 bats
  4 frilled lizards
  5 kobolds
  9 rats
167 creatures vanquished.

Vanquished Creatures (others)
  An orc wizard (D:5)
1 creature vanquished.

Grand Total: 168 creatures vanquished

Notes
Turn   | Place    | Note
-------+----------+-------------------------------------------
     0 | D:1      | qw the Formicid Cinder Acolyte began the quest for the Orb.
     0 | D:1      | Reached XP level 1. HP: 18/18 MP: 2/2
     0 | D:1      | 0 ||| qw: Version: 0.1-a-102-g441f92d
     0 | D:1      | 0 ||| qw: Game counter: 5219
     0 | D:1      | 0 ||| qw: Always use a shield: true
     0 | D:1      | 0 ||| qw: God list: Okawaru
     0 | D:1      | 0 ||| qw: Allow faded altars: false
     0 | D:1      | 0 ||| qw: Do Orc after D:15 true
     0 | D:1      | 0 ||| qw: Do second Lair branch before Depths: true
     0 | D:1      | 0 ||| qw: Lair rune preference: random
     0 | D:1      | 0 ||| qw: Plans: Normal
     0 | D:1      | 0 ||| PLANNING D:1-11
   283 | D:1      | 283 ||| SWAPPING to +0 war axe.
   317 | D:1      | Reached XP level 2. HP: 24/24 MP: 3/3
   863 | D:1      | Reached skill level 4 in Axes
   863 | D:1      | Reached XP level 3. HP: 29/29 MP: 4/4
  1017 | D:1      | 1017 ||| Stepping ~*~*~tactically~*~*~ (stealth).
  1094 | D:1      | 1094 ||| INVOKING Fiery Armour.
  1099 | D:1      | 1099 ||| Stepping ~*~*~tactically~*~*~ (stealth).
  1135 | D:1      | 1135 ||| Stepping ~*~*~tactically~*~*~ (stealth).
  1354 | D:1      | 1354 ||| INVOKING Fiery Armour.
  1355 | D:1      | Reached skill level 1 in Dodging
  1826 | D:1      | Found a faded altar of an unknown god.
  1916 | D:1      | 1916 ||| UPGRADING to +0 ring mail.
  1926 | D:1      | 1926 ||| DROPPING +0 robe.
  1927 | D:1      | 1927 ||| UPGRADING to +0 scale mail.
  1937 | D:1      | 1937 ||| DROPPING +0 ring mail.
  1938 | D:1      | 1938 ||| READING 4 scrolls labelled ZIRIEG POROSTRE.
  1939 | D:1      | 1939 ||| READING 2 scrolls labelled KEAD MAX AMU.
  1940 | D:1      | 1940 ||| READING scroll of enchant weapon.
  1940 | D:1      | 1940 ||| ENCHANTING +1 war axe.
  1941 | D:1      | 1941 ||| READING scroll labelled UZURCH ASOAJ.
  1942 | D:1      | 1942 ||| DRINKING 2 inky potions.
  1973 | D:1      | 1973 ||| READING 3 scrolls of identify.
  1973 | D:1      | 1973 ||| IDENTIFYING fuming pink potion
  1974 | D:1      | 1974 ||| READING 2 scrolls of identify.
  1974 | D:1      | 1974 ||| IDENTIFYING black potion
  1975 | D:1      | 1975 ||| DROPPING potion of flight.
  1976 | D:1      | 1976 ||| DROPPING potion of invisibility.
  1977 | D:1      | 1977 ||| DROPPING potion of lignification.
  2014 | D:1      | 2014 ||| Stepping ~*~*~tactically~*~*~ (stealth).
  2287 | D:2      | Reached skill level 1 in Armour
  2311 | D:2      | Reached XP level 4. HP: 35/35 MP: 5/5
  2406 | D:2      | 2406 ||| INVOKING Fiery Armour.
  2428 | D:2      | 2428 ||| Stepping ~*~*~tactically~*~*~ (stealth).
  2429 | D:2      | 2429 ||| Stepping ~*~*~tactically~*~*~ (stealth).
  2617 | D:2      | 2617 ||| Stepping ~*~*~tactically~*~*~ (stealth).
  2747 | D:2      | 2747 ||| READING scroll labelled UMNAAT IDOL.
  2748 | D:2      | 2748 ||| READING scroll labelled BUAVEX XEMUSY.
  2872 | D:2      | 2872 ||| Stepping ~*~*~tactically~*~*~ (stealth).
  2931 | D:3      | Noticed a necrophage
  2936 | D:3      | 2936 ||| STAIRDANCE
  2942 | D:3      | 2942 ||| STAIRDANCE
  2999 | D:3      | 2999 ||| STAIRDANCE
  3006 | D:2      | Killed a necrophage
  3007 | D:2      | Reached skill level 5 in Axes
  3007 | D:2      | Reached XP level 5. HP: 27/41 MP: 6/6
  3175 | D:3      | Noticed Ijyb
  3183 | D:3      | Killed Ijyb
  3275 | D:3      | 3275 ||| FLEEEEING.
  3276 | D:3      | 3276 ||| FLEEEEING.
  3277 | D:3      | 3277 ||| FLEEEEING.
  3278 | D:3      | 3278 ||| FLEEEEING.
  3279 | D:3      | 3279 ||| FLEEEEING.
  3280 | D:3      | 3280 ||| FLEEEEING.
  3281 | D:3      | 3281 ||| FLEEEEING.
  3282 | D:3      | 3282 ||| FLEEEEING.
  3283 | D:3      | 3283 ||| FLEEEEING.
  3284 | D:3      | 3284 ||| FLEEEEING.
  3285 | D:3      | 3285 ||| FLEEEEING.
  3380 | D:3      | 3380 ||| INVOKING Fiery Armour.
  3383 | D:3      | Reached skill level 6 in Axes
  3383 | D:3      | Reached XP level 6. HP: 20/47 MP: 7/7
  3490 | D:3      | 3490 ||| FLEEEEING.
  3591 | D:3      | 3591 ||| Stepping ~*~*~tactically~*~*~ (stealth).
  3592 | D:3      | 3592 ||| Stepping ~*~*~tactically~*~*~ (stealth).
  3593 | D:3      | 3593 ||| Stepping ~*~*~tactically~*~*~ (stealth).
  3594 | D:3      | 3594 ||| Stepping ~*~*~tactically~*~*~ (stealth).
  3611 | D:3      | Found a sparkling altar of Nemelex Xobeh.
  4069 | D:3      | 4069 ||| UPGRADING to scarf of resistance.
  4074 | D:3      | 4074 ||| UPGRADING to +1 ring mail of willpower.
  4084 | D:3      | 4084 ||| DROPPING ring of wizardry.
  4085 | D:3      | 4085 ||| READING 2 scrolls labelled SEMUPP WAROWIECE.
  4086 | D:3      | 4086 ||| DRINKING 2 coppery potions.
  4087 | D:3      | 4087 ||| DRINKING 2 lumpy brown potions.
  4088 | D:3      | 4088 ||| READING 5 scrolls of identify.
  4088 | D:3      | 4088 ||| IDENTIFYING grey potion
  4089 | D:3      | 4089 ||| DROPPING potion of attraction.
  4090 | D:3      | 4090 ||| DROPPING scroll of blinking.
  4124 | D:4      | Noticed Eustachio
  4125 | D:4      | 4125 ||| PLANNING SEWER
  4131 | D:4      | 4131 ||| STAIRDANCE
  4134 | D:3      | Killed Eustachio
  4135 | D:3      | Reached XP level 7. HP: 49/56 MP: 8/8
  4318 | D:4      | 4318 ||| Stepping ~*~*~tactically~*~*~ (hiding).
  4344 | D:4      | Found a snail-covered altar of Cheibriados.
  4368 | D:4      | Found a white marble altar of Elyvilon.
  4493 | D:4      | 4493 ||| Stepping ~*~*~tactically~*~*~ (stealth).
  4508 | D:4      | 4508 ||| INVOKING Fiery Armour.
  4508 | D:4      | HP: 12/56 [iguana (6)]
  4509 | D:4      | HP: 1/56 [iguana (11)]
  4748 | D:4      | 4748 ||| RIP SEWER
  4815 | D:4      | 4815 ||| PLANNING D:1-11
  4835 | D:4      | Found a staircase to the Ecumenical Temple.
  4884 | D:4      | Found a radiant altar of Vehumet.
  4959 | D:4      | 4959 ||| Stepping ~*~*~tactically~*~*~ (stealth).
  4964 | D:4      | 4964 ||| Stepping ~*~*~tactically~*~*~ (stealth).
  4969 | D:4      | 4969 ||| Stepping ~*~*~tactically~*~*~ (stealth).
  5039 | D:4      | Found a glowing golden altar of the Shining One.
  5092 | D:4      | Reached skill level 7 in Axes
  5491 | D:4      | 5491 ||| DROPPING +0 scale mail.
  5492 | D:4      | 5492 ||| UPGRADING to +1 pair of gloves.
  5497 | D:4      | 5497 ||| UPGRADING to +2 ring mail of cold resistance.
  5507 | D:4      | 5507 ||| READING scroll labelled UXTALIAFUE.
  5508 | D:4      | 5508 ||| READING scroll labelled CIOXICKEXUO.
  5509 | D:4      | 5509 ||| READING scroll labelled FEALE JIUK.
  5510 | D:4      | 5510 ||| Stepping randomly (stuck).
  5511 | D:4      | 5511 ||| Stepping ~*~*~tactically~*~*~ (cloud).
  5597 | D:5      | Entered Level 5 of the Dungeon
  5719 | D:5      | Reached skill level 1 in Throwing
  5737 | D:5      | Noticed Grinder
  5738 | D:5      | 5738 ||| Stepping ~*~*~tactically~*~*~ (hiding).
  5740 | D:5      | 5740 ||| Stepping ~*~*~tactically~*~*~ (hiding).
  5755 | D:5      | 5755 ||| Stepping ~*~*~tactically~*~*~ (hiding).
  5759 | D:5      | Killed Grinder
  5760 | D:5      | Reached skill level 8 in Axes
  5760 | D:5      | Reached XP level 8. HP: 36/62 MP: 9/9
  5957 | D:5      | 5957 ||| Stepping ~*~*~tactically~*~*~ (stealth).
  6267 | D:5      | 6267 ||| INVOKING Fiery Armour.
  6271 | D:5      | Reached skill level 9 in Axes
  6471 | D:5      | 6471 ||| FLEEEEING.
  6472 | D:5      | 6472 ||| FLEEEEING.
  6473 | D:5      | 6473 ||| FLEEEEING.
  6477 | D:5      | 6477 ||| FLEEEEING.
  6478 | D:5      | 6478 ||| FLEEEEING.
  6479 | D:5      | 6479 ||| FLEEEEING.
  6480 | D:5      | 6480 ||| FLEEEEING.
  6589 | D:5      | Noticed a wraith
  6590 | D:5      | 6590 ||| Stepping ~*~*~tactically~*~*~ (stealth).
  6594 | D:5      | Reached skill level 6 in Fighting
  6604 | D:5      | Reached XP level 9. HP: 52/68 MP: 10/10
  6741 | D:5      | 6741 ||| Stepping ~*~*~tactically~*~*~ (stealth).
  6854 | D:5      | Reached skill level 10 in Axes
  6932 | D:5      | Found an ornate altar of the Wu Jian Council.
  7062 | D:5      | 7062 ||| READING scroll labelled QANTUD XEBEZOU.
  7063 | D:5      | 7063 ||| READING 10 scrolls of identify.
  7063 | D:5      | 7063 ||| IDENTIFYING dark potion
  7064 | D:5      | 7064 ||| DROPPING potion of berserk rage.
  7257 | D:6      | 7257 ||| Stepping ~*~*~tactically~*~*~ (stealth).
  7259 | D:6      | 7259 ||| Stepping ~*~*~tactically~*~*~ (stealth).
  7401 | D:6      | Noticed a troll
  7412 | D:6      | 7412 ||| INVOKING Fiery Armour.
  7413 | D:6      | Killed a troll
  7645 | D:6      | Noticed an unseen horror
  7666 | D:6      | Killed an unseen horror
  8025 | D:6      | 8025 ||| INVOKING Fiery Armour.
  8027 | D:6      | Reached skill level 11 in Axes
  8027 | D:6      | Reached XP level 10. HP: 40/79 MP: 11/11
  8301 | D:6      | Found an iron altar of Okawaru.
  8532 | D:6      | 8532 ||| DROPPING +1 ring mail of willpower.
  8533 | D:6      | 8533 ||| UPGRADING to +0 chain mail.
  8543 | D:6      | 8543 ||| UPGRADING to +0 plate armour.
  8553 | D:6      | 8553 ||| DROPPING +0 chain mail.
  8554 | D:6      | 8554 ||| DROPPING +2 ring mail of cold resistance.
  8555 | D:6      | 8555 ||| READING scroll labelled HEZICH WUN ZAFUUWK.
  8606 | D:7      | 8606 ||| STAIRDANCE
  8617 | D:6      | Reached skill level 3 in Armour
  8777 | D:7      | 8777 ||| INVOKING Fiery Armour.
  8781 | D:7      | 8781 ||| STAIRDANCE
  9026 | D:7      | Noticed Joseph
  9028 | D:7      | 9028 ||| FLEEEEING.
  9029 | D:7      | 9029 ||| FLEEEEING.
  9034 | D:7      | 9034 ||| FLEEEEING.
  9035 | D:7      | 9035 ||| FLEEEEING.
  9036 | D:7      | 9036 ||| FLEEEEING.
  9037 | D:7      | 9037 ||| FLEEEEING.
  9038 | D:7      | 9038 ||| FLEEEEING.
  9039 | D:7      | 9039 ||| FLEEEEING.
  9040 | D:7      | 9040 ||| STAIRDANCE
  9132 | D:6      | 9132 ||| READING 9 scrolls of identify.
  9132 | D:6      | 9132 ||| IDENTIFYING pink potion
  9133 | D:6      | 9133 ||| DROPPING potion of degeneration.
  9135 | D:7      | Noticed Prince Ribbit
  9137 | D:7      | 9137 ||| FLEEEEING.
  9138 | D:7      | 9138 ||| STAIRDANCE
  9328 | D:7      | 9328 ||| STAIRDANCE
  9331 | D:6      | 9331 ||| FLEEEEING.
  9340 | D:6      | 9340 ||| INVOKING Fiery Armour.
  9340 | D:6      | HP: 12/72 [Prince Ribbit (7)]
  9346 | D:6      | HP: 2/72 [Prince Ribbit (8)]
  9347 | D:6      | Killed Prince Ribbit
  9686 | D:7      | 9686 ||| STAIRDANCE
  9762 | D:7      | Killed Joseph
  9763 | D:7      | Reached skill level 6 in Armour
  9913 | D:7      | 9913 ||| FLEEEEING.
  9915 | D:7      | 9915 ||| FLEEEEING.
  9919 | D:7      | 9919 ||| FLEEEEING.
  9929 | D:7      | 9929 ||| STAIRDANCE
  9981 | D:6      | 9981 ||| READING 8 scrolls of identify.
  9981 | D:6      | 9981 ||| IDENTIFYING lumpy white potion
 10006 | D:7      | Noticed Maggie
 10018 | D:7      | Killed Maggie
 10088 | D:7      | 10088 ||| SWAPPING to +0 vorpal broad axe.
 10089 | D:7      | 10089 ||| DROPPING +2 war axe of freezing.
 10119 | D:7      | 10119 ||| Stepping ~*~*~tactically~*~*~ (stealth).
 10179 | D:7      | 10179 ||| Stepping ~*~*~tactically~*~*~ (stealth).
 10193 | D:7      | 10193 ||| Stepping ~*~*~tactically~*~*~ (hiding).
 10216 | D:7      | Noticed Pikel
 10217 | D:7      | 10217 ||| FLEEEEING.
 10220 | D:7      | 10220 ||| FLEEEEING.
 10221 | D:7      | 10221 ||| FLEEEEING.
 10222 | D:7      | 10222 ||| FLEEEEING.
 10225 | D:7      | 10225 ||| Stepping ~*~*~tactically~*~*~ (stealth).
 10226 | D:7      | 10226 ||| Stepping ~*~*~tactically~*~*~ (stealth).
 10227 | D:7      | 10227 ||| Stepping ~*~*~tactically~*~*~ (stealth).
 10231 | D:7      | 10231 ||| Stepping ~*~*~tactically~*~*~ (stealth).
 10233 | D:7      | Killed Pikel
 10552 | D:7      | 10552 ||| READING scroll labelled SOLAEW DEAGA.
 10553 | D:7      | 10553 ||| READING 8 scrolls of identify.
 10553 | D:7      | 10553 ||| IDENTIFYING amethyst potion
 10554 | D:7      | 10554 ||| READING 7 scrolls of identify.
 10554 | D:7      | 10554 ||| IDENTIFYING clear potion
 10575 | D:8      | 10575 ||| Stepping ~*~*~tactically~*~*~ (stealth).
 10577 | D:8      | 10577 ||| Stepping ~*~*~tactically~*~*~ (hiding).
 10585 | D:8      | 10585 ||| Stepping ~*~*~tactically~*~*~ (stealth).
 10707 | D:8      | 10707 ||| INVOKING Fiery Armour.
 10707 | D:8      | HP: 10/81 [large slime creature (18)]
 10708 | D:8      | 10708 ||| DRINKING 2 potions of heal wounds.
 10715 | D:8      | HP: 9/81 [large slime creature (16)]
 10715 | D:8      | Slain by a large slime creature

Levels and vault maps discovered:
D:1:      wander_arrival_fairy_ring, layout_loops_ring,
          dilly_ecumenical_altar_fadedgnrine, bh_walls_and_bars
D:2:      layout_basic
D:3:      layout_basic, nemelex_spade_bored_becter, uniq_ijyb
D:4:      layout_loops_ring, lemuel_coloured_pillars_altar,
          mainiacjoe_overflow_catwalk, lemuel_crystal_altar, elyvilon_altar_1,
          temple_statues, portal_sewer_entry_d, uniq_eustachio
D:5:      layout_rooms, lemuel_round_altar, roderic_serpentine_path,
          nzn_random_ring, uniq_grinder
D:6:      layout_cave_pods, okawaru_trees_1, minmay_three_doors
D:7:      layout_cave_pools, uniq_joseph, uniq_maggie, uniq_pikel,
          uniq_prince_ribbit1
D:8:      layout_cave_pools, lemuel_doored_altar, tgw_sif,
          overflow_temple_1_default, lightli_temple_of_fire,
          grunt_decor_one_mirror, uniq_erica

Skill      XL: |  1  2  3  4  5  6  7  8  9 10 |
---------------+-------------------------------+-----
Axes           | 4 5 6 8 9 11 | 11.9
Dodging        | 1 2 |  2.6
Armour         | 1 2 6 |  6.4
Fighting       | 5 6 7 8 |  8.3
Throwing       | 1 |  1.0
Spellcasting   | |  1.1
Fire Magic     | |  3.0

Action                   |  1- 3 |  4- 6 |  7- 9 | 10-12 || total
-------------------------+-------+-------+-------+-------++-------
Melee: Hand axe          |    13 |       |       |       ||    13
       War axe           |   147 |   102 |   260 |    53 ||   562
       Punch             |       |       |     1 |     1 ||     2
       Broad axe         |       |       |       |    63 ||    63
Throw: Boomerang         |       |       |    38 |    21 ||    59
Invok: Fiery Armour      |     2 |     2 |     4 |     3 ||    11
  Use: Scroll            |     6 |     4 |     5 |     6 ||    21
       Potion            |     1 |     2 |       |     1 ||     4
Armor: Robe              |    40 |       |       |       ||    40
       Scale mail        |    12 |    42 |       |       ||    54
       Ring mail         |       |     1 |   113 |       ||   114
       Plate armour      |       |       |       |    54 ||    54
Dodge: Dodged            |    97 |    50 |   157 |    34 ||   338

Table legend:
 A = Non-vault XP
 B = Vault XP
 C = Vault XP percentage of total XP
 D = Non-vault monster count
 E = Vault monster count
 F = Vault count percentage of total count
                 A         B        C        D         E       F
            +---------+---------+-------+---------+---------+-------
      Total |    3202 |    3840 |  54.5 |     143 |      25 |  14.9
            +---------+---------+-------+---------+---------+-------
        D:1 |      56 |       0 |   0.0 |      33 |       0 |   0.0
        D:2 |     154 |       0 |   0.0 |      23 |       0 |   0.0
        D:3 |     149 |     232 |  60.9 |      19 |       2 |   9.5
        D:4 |     284 |      14 |   4.7 |      21 |       1 |   4.5
        D:5 |     427 |    1130 |  72.6 |       8 |      15 |  65.2
        D:6 |     974 |     977 |  50.1 |      18 |       4 |  18.2
        D:7 |     698 |    1487 |  68.1 |      15 |       3 |  16.7
        D:8 |     460 |       0 |   0.0 |       6 |       0 |   0.0
            +---------+---------+-------+---------+---------+-------
